 Dungeon Crawl Stone Soup version 0.28.0-53-g5a82cb258f (webtiles) character file.

Game seed: 137840870405837947

7 protoss039 the Digger (level 1, 0/14 HPs)
             Began as a Demonspawn Earth Elementalist on June 10, 2022.
             Slain by a ball python (2 damage)
             ... on level 1 of the Dungeon.
             The game lasted 00:01:17 (313 turns).

protoss039 the Digger (DsEE)                         Turns: 313, Time: 00:01:19

Health: 0/14       AC:  2    Str:  8    XL:     1   Next: 83%
Magic:  0/3        EV:  7    Int: 16    God:
Gold:   13         SH:  7    Dex: 13    Spells: 3/4 levels left

rFire   . . .      SeeInvis .   g - +0 whip
rCold   . . .      Faith    .   j - +0 kite shield
rNeg    . . .      Spirit   .   b - +0 robe
rPois   .          Reflect  .   (no helmet)
rElec   .          Harm     .   (no cloak)
rCorr   .          Rampage  .   (no gloves)
Will    .....                   (no boots)
Stlth   ++........              (no amulet)
HPRegen 0.04/turn               (no ring)
MPRegen 0.08/turn               (no ring)

@: very slightly contaminated, constricted
A: no striking features
a: no special abilities


You were on level 1 of the Dungeon.
You visited 1 branch of the dungeon, and saw 1 of its levels.

You collected 13 gold pieces.

Inventory:

Hand Weapons
 g - a +0 whip (weapon)
Missiles
 c - 23 stones
Armour
 b - a +0 robe (worn)
 j - a +0 kite shield (worn)
Scrolls
 a - a scroll of acquirement {unknown}
 d - a scroll of enchant armour {unknown}
 f - a scroll of fear {unknown}
Potions
 e - a potion of haste {unknown}
 h - a potion of flight {unknown}
 i - 2 potions of lignification {unknown}


   Skills:
 * Level 0.6 Fighting
 + Level 0.3 Armour
 - Level 1.7 Dodging
 - Level 1.7 Stealth
 + Level 0.0 Shields
 + Level 2.1 Spellcasting
 - Level 1.0 Transmutations
 + Level 2.7 Earth Magic


You had 3 spell levels left.
You knew the following spells:

 Your Spells              Type           Power      Damage    Failure   Level
a - Sandblast             Erth           20%        2d7       24%         1

Your spell library contained the following spells:

 Spells                   Type           Power      Damage    Failure   Level
 Passwall                 Tmut/Erth      5%         N/A       45%         2
 Stone Arrow              Conj/Erth      12%        3d7       77%         3
 Petrify                  Tmut/Erth      7%         N/A       98%         4


Dungeon Overview and Level Annotations

Branches:
Dungeon (1/15)

Altars:


Message History

The bat hits you but does no damage.
There is a stone staircase leading down here.
Unknown command.
Unknown command.
You block the bat's attack. The ball python bites you.
The ball python grabs you.
You stop descending the stairs.
The ball python constricts you. The ball python bites you.
The ball python constricts you.
Unknown command.
Unknown command.
Unknown command.
Casting: Sandblast (safe; 24% risk of failure)
Confirm with . or Enter, or press ? or * to list all spells.
Aiming: Sandblast (safe; 24% risk of failure)
Press: ? - help, Shift-Dir - straight line, f - ball python
Aim: a ball python (constricting you, 77% to hit)
The blast of sand misses the ball python.
The blast of sand hits the endoplasm.
The endoplasm is moderately wounded.
The bat closely misses you. The ball python closely misses you.
The ball python constricts you. The bat closely misses you.
Unknown command.
Casting: Sandblast (safe; 24% risk of failure)
Confirm with . or Enter, or press ? or * to list all spells.
Aiming: Sandblast (safe; 24% risk of failure)
Press: ? - help, Shift-Dir - straight line, f/p - ball python
Aim: a ball python (constricting you, 77% to hit)
You miscast Sandblast.
You are very lightly contaminated with residual magic.
Nothing appears to happen.
The bat hits you but does no damage. The ball python barely misses you.
The ball python constricts you.
* * * LOW HITPOINT WARNING * * *
Unknown command.
The ball python's grasp on you weakens, but your attempt to escape fails.
The bat barely misses you. The bat hits you but does no damage.
The endoplasm freezes you.
You are frozen.
* * * LOW HITPOINT WARNING * * *
The ball python bites you.
You die...

#[.8
##......^.........
#..##.................
#.†..#...............
#..#...............
#..#...............
#..#...............
#Jr#...............
#JS#...............
#b@....###.........
##############†....
#...##...##..... ##
#..#..##........
.###.≈≈.##........
#.##...###.......#
#.#..##..†.......#
######
#.#...###....#..#
#....#
##.#.##.##...###..


You could see 2 endoplasms, a bat, a ball python and a rat.

Vanquished Creatures
  An endoplasm (D:1)
  A giant cockroach (D:1)
  A jackal (D:1)
  A kobold (D:1)
  A ball python (D:1)
  A frilled lizard (D:1)
6 creatures vanquished.

Notes
Turn   | Place    | Note
-------+----------+-------------------------------------------
     0 | D:1      | protoss039 the Demonspawn Earth Elementalist began the
                  | quest for the Orb.
     0 | D:1      | Reached XP level 1. HP: 13/13 MP: 3/3
   107 | D:1      | Reached skill level 1 in Transmutations
   313 | D:1      | Slain by a ball python

Illustrated notes

Levels and vault maps discovered:
D:1:      dpeg_arrival_brainrot, layout_basic,
          nicolae_ecumenical_snake_handling, amcnicky_mini_corridor_feature,
          minmay_pentomino_w4

Skill      XL: |  1 |
---------------+----+-----
Transmutations | 1 |  1.0
Fighting       | |  0.6
Armour         | |  0.3
Dodging        | |  1.7
Stealth        | |  1.7
Spellcasting   | |  2.1
Earth Magic    | |  2.7

Action                   || total
-------------------------++-------
Melee: Whip              ||     7
       Unarmed           ||     5
 Cast: Sandblast         ||    10
Armor: Robe              ||    10
Dodge: Dodged            ||    24
Block: Kite shield       ||     9
